 Dungeon Crawl Stone Soup version 0.29.0-4-gdea44cf6ec (webtiles) character file.

Game seed: 9941938572823703226

7021 qw the Grappler (level 10, -5/94 HPs)
             Began as a Troll Cinder Acolyte on Aug 31, 2022.
             Was an Initiate of Ignis.
             Slain by a wolf (7 damage)
             ... on level 1 of the Lair of Beasts.
             The game lasted 00:05:21 (7144 turns).

qw the Grappler (Troll Cinder Acolyte)              Turns: 7144, Time: 00:05:21

Health: -5/94      AC:  8    Str: 28    XL:     10   Next: 82%
Magic:  10/10      EV:  8    Int: 10    God:    Ignis [......]
Gold:   425        SH:  8    Dex:  5    Spells: 11/11 levels left

rFire   + . .      SeeInvis .     - Unarmed
rCold   + . .      Faith    .   e - +0 kite shield
rNeg    . . .      Spirit   .   l - +2 robe {rC+}
rPois   .          Reflect  .   (helmet restricted)
rElec   .          Harm     .   k - +1 cloak
rCorr   .          Rampage  .   (gloves unavailable)
Will    .....                   (boots unavailable)
Stlth   +.........              p - amulet of regeneration
HPRegen 1.85/turn               (no ring)
MPRegen 0.12/turn               (no ring)

@: about to teleport
A: large, unfitting armour, claws 3, regeneration 1, shaggy fur 1, tough skin 1
a: Renounce Religion, Rising Flame


You were on level 1 of the Lair of Beasts.
You worshipped Ignis.
Ignis was noncommittal.
You visited 3 branches of the dungeon, and saw 11 of its levels.

You collected 425 gold pieces.


Innate Abilities, Weirdness & Mutations

You are too large for most types of armour.
You have claws for hands.
Your natural rate of healing is unusually fast.
You are covered in fur. (AC +1)
You have tough skin. (AC +1)


   Skills:
 + Level 4.7 Fighting
 - Level 4.1 Throwing
 - Level 1.1 Dodging
 - Level 9.0 Shields
 - Level 12.0 Unarmed Combat
 - Level 1.0 Spellcasting
 - Level 2.1 Fire Magic


You had 11 spell levels left.
You didn't know any spells.
Your spell library contained the following spells:

 Spells                   Type           Power      Damage    Failure   Level
 Scorch                   Fire           8%         2d5       38%         2

Inventory:

Missiles
 f - 12 boomerangs (quivered)
Armour
 e - a +0 kite shield (worn)
 k - a +1 cloak (worn)
 l - a +2 robe of cold resistance (worn)
Jewellery
 p - an amulet of regeneration (around neck)
Scrolls
 d - 2 scrolls of identify
 g - a scroll of teleportation
Potions
 c - 3 potions of curing
 i - 3 potions of mutation
 q - a potion of haste

Dungeon Overview and Level Annotations

Branches:
Dungeon (9/15)             Temple (1/1) D:6            Lair (1/5) D:9
    Orc: D:9-12

Altars:
Ashenzari
Cheibriados
Dithmenos
Elyvilon
Fedhas
Gozag
Hepliaklqana
Kikubaaqudgha
Makhleb
Nemelex Xobeh
Qazlal
Ru
Sif Muna
Uskayaw
Vehumet
Xom
Yredelemnul
Zin
The Shining One

Shops:
D:1 =

Annotations:
D:4 Pikel
D:5 5 runed translucent doors, qw's ghost, novice TeWr
Lair:1 Sonja


Message History

You block the wolf's attack. The basilisk barely misses you.
You have turned to stone.
The wolf bites you. The wolf bites you!
Sonja casts a spell.
Sonja blinks!
The wolf bites you but does no damage. The wolf bites you!
The basilisk bites you! The basilisk bites you!
The wolf bites you but does no damage. x4; The basilisk bites you!
The wolf bites you but does no damage. The wolf bites you! The wolf bites you.
The wolf barely misses you.
The wolf bites you. x2; The basilisk bites you!
The wolf bites you. x3; The wolf bites you!
The basilisk bites you! The wolf bites you!
The wolf bites you but does no damage.
The wolf bites you. x3; The basilisk bites you!
The wolf bites you but does no damage. The wolf bites you! x2
The wolf bites you but does no damage. The wolf bites you. x2
The basilisk gazes at you. You resist with some effort.
The wolf bites you. x3; The wolf bites you but does no damage.
The basilisk bites you but does no damage.
The wolf bites you. x2
The wolf bites you but does no damage. The wolf bites you. x2
A basilisk comes into view.
The basilisk bites you but does no damage.
The wolf bites you.
You turn to flesh and can move again.
You closely miss the wolf.
The basilisk hisses angrily.
You block the wolf's attack. The wolf bites you. The wolf barely misses you.
The wolf bites you! x2; The basilisk bites you.
7143 ||| READING 2 scrolls of teleportation.
As you read the scroll of teleportation, it crumbles to dust.
You feel strangely unstable. The wolf closely misses you.
The wolf pauses to sniff the ground.
The wolf bites you but does no damage. x2; The wolf barely misses you.
The wolf bites you but does no damage. The basilisk bites you!
The wolf barely misses you.
You miss the wolf. The wolf bites you!
You die...

.......... ..........
............ .........
..[....... .........
.....l.. #.....# #......
.....# #.....###
#....####### #..K.?..# #
#.....##...# #.hlh.# .#
#..........# #.h@..##..#
#.....PP...# #.........#
#..........# #......##..
#....###..## #.....P#..
#....# ##.P###..........
.....####..##...........
........................
####.#.#.######.########
### ## ###


You could see 2 basilisks, Sonja and 3 wolves.

Vanquished Creatures
  3 two-headed ogres
  A black mamba (Lair:1)
  Psyche (D:8)
  A troll (D:9)
  Grinder (D:3)
  Sigmund (D:6)
  A shadow (D:8)
  3 yaks (D:9)
  A wyvern (D:9)
  A black bear (D:8)
  3 orc warriors
  A sky beast (D:8)
  3 ogres
  2 wolves (D:9)
  3 centaurs
  4 lemures (D:4)
  4 kobold brigands
  5 bullfrogs
  A necrophage (D:4)
  2 scorpions (D:5)
  2 wights (D:9)
  2 electric eels (D:9)
  2 howler monkeys
  8 hounds
  3 jellies
  8 orc priests
  5 iguanas
  Natasha (thrice) (D:3)
  Ijyb (D:4)
  11 orc wizards
  6 adders
  3 white imps
  An ufetubus (D:6)
  2 worms
  A dart slug (D:1)
  28 orcs
  An endoplasm (D:2)
  6 giant cockroaches
  11 goblins
  6 hobgoblins
  9 jackals
  29 kobolds
  6 quokkas
  14 ball pythons
  6 bats
  16 frilled lizards
  9 rats
241 creatures vanquished.

Vanquished Creatures (others)
  A human (D:8)
  2 fungi (D:5)
  7 plants (D:5)
10 creatures vanquished.

Grand Total: 251 creatures vanquished

Notes
Turn   | Place    | Note
-------+----------+-------------------------------------------
     0 | D:1      | qw the Troll Cinder Acolyte began the quest for the Orb.
     0 | D:1      | Reached XP level 1. HP: 22/22 MP: 1/1
     0 | D:1      | 0 ||| qw: Version: 0.1-a-97-g2dd2ca4
     0 | D:1      | 0 ||| qw: Game counter: 4671
     0 | D:1      | 0 ||| qw: Always use a shield: true
     0 | D:1      | 0 ||| qw: God list: Okawaru
     0 | D:1      | 0 ||| qw: Allow faded altars: false
     0 | D:1      | 0 ||| qw: Do Orc after D:15 true
     0 | D:1      | 0 ||| qw: Do second Lair branch before Depths: true
     0 | D:1      | 0 ||| qw: Lair rune preference: random
     0 | D:1      | 0 ||| qw: Plans: Normal
     0 | D:1      | 0 ||| PLANNING D:1-11
   147 | D:1      | Found Fopept's Jewellery Boutique.
   159 | D:1      | 159 ||| SHOPLISTING +4 ring of evasion (360 gold, have 0).
   159 | D:1      | 159 ||| SHOPLISTING amulet "Uvovis Nuso" {Acrobat Regen+}
                  | (370 gold, have 0).
   159 | D:1      | 159 ||| SHOPLISTING amulet of guardian spirit (300 gold,
                  | have 0).
   159 | D:1      | 159 ||| SHOPLISTING amulet of reflection (300 gold, have
                  | 0).
   159 | D:1      | 159 ||| SHOPLISTING ring of fire (250 gold, have 0).
   159 | D:1      | 159 ||| SHOPLISTING ring of poison resistance (200 gold,
                  | have 0).
   159 | D:1      | 159 ||| SHOPLISTING ring of protection from fire (250 gold,
                  | have 0).
   216 | D:1      | Reached XP level 2. HP: 29/29 MP: 2/2
   326 | D:1      | 326 ||| Stepping ~*~*~tactically~*~*~ (stealth).
   340 | D:1      | Reached skill level 4 in Unarmed Combat
   482 | D:1      | 482 ||| Stepping ~*~*~tactically~*~*~ (stealth).
   488 | D:1      | 488 ||| Stepping ~*~*~tactically~*~*~ (stealth).
   496 | D:1      | Reached XP level 3. HP: 36/36 MP: 3/3
   649 | D:1      | 649 ||| UPGRADING to +0 kite shield.
   654 | D:1      | 654 ||| READING 2 scrolls labelled RUHEPN PORUITIESYS.
   655 | D:1      | 655 ||| READING scroll labelled QASEWOTUO.
   656 | D:1      | 656 ||| READING scroll labelled TEUNOS BAITOSE.
   657 | D:1      | 657 ||| READING scroll labelled WEGYJOPNENYF.
   658 | D:1      | 658 ||| READING scroll labelled NAHIEM SUTSI.
   676 | D:1      | 676 ||| DRINKING 2 coppery potions.
   860 | D:2      | 860 ||| Stepping ~*~*~tactically~*~*~ (stealth).
   868 | D:2      | 868 ||| Stepping ~*~*~tactically~*~*~ (stealth).
   873 | D:2      | Reached skill level 1 in Shields
  1181 | D:2      | 1181 ||| READING scroll labelled GANGAY LARPH.
  1182 | D:2      | 1182 ||| READING 2 scrolls labelled DOIQEE RE MOCI.
  1185 | D:2      | 1185 ||| READING 3 scrolls of identify.
  1185 | D:2      | 1185 ||| IDENTIFYING metallic emerald potion
  1186 | D:2      | 1186 ||| READING 2 scrolls of identify.
  1186 | D:2      | 1186 ||| IDENTIFYING green potion
  1187 | D:2      | 1187 ||| DROPPING potion of degeneration.
  1205 | D:3      | Reached XP level 4. HP: 38/44 MP: 4/4
  1205 | D:3      | 1205 ||| STAIRDANCE
  1292 | D:3      | 1292 ||| Stepping ~*~*~tactically~*~*~ (stealth).
  1294 | D:3      | 1294 ||| Stepping ~*~*~tactically~*~*~ (outnumbered).
  1296 | D:3      | 1296 ||| Stepping ~*~*~tactically~*~*~ (outnumbered).
  1297 | D:3      | 1297 ||| Stepping ~*~*~tactically~*~*~ (outnumbered).
  1328 | D:3      | Reached skill level 3 in Shields
  1344 | D:3      | 1344 ||| Stepping ~*~*~tactically~*~*~ (stealth).
  1346 | D:3      | 1346 ||| Stepping ~*~*~tactically~*~*~ (stealth).
  1359 | D:3      | Noticed Natasha
  1359 | D:3      | 1359 ||| Stepping ~*~*~tactically~*~*~ (stealth).
  1362 | D:3      | 1362 ||| Stepping ~*~*~tactically~*~*~ (stealth).
  1363 | D:3      | 1363 ||| INVOKING Fiery Armour.
  1367 | D:3      | 1367 ||| Stepping ~*~*~tactically~*~*~ (outnumbered).
  1369 | D:3      | Killed Natasha
  1370 | D:3      | Reached XP level 5. HP: 19/50 MP: 5/5
  1511 | D:3      | Noticed Grinder
  1513 | D:3      | 1513 ||| Stepping ~*~*~tactically~*~*~ (stealth).
  1516 | D:3      | 1516 ||| Stepping ~*~*~tactically~*~*~ (hiding).
  1528 | D:3      | Paralysed by Grinder for 2 turns
  1530 | D:3      | Killed Grinder
  1531 | D:3      | Reached XP level 6. HP: 59/59 MP: 6/6
  1548 | D:3      | Noticed Natasha
  1549 | D:3      | 1549 ||| Stepping ~*~*~tactically~*~*~ (hiding).
  1560 | D:3      | Killed Natasha
  1593 | D:3      | Found a faded altar of an unknown god.
  1650 | D:3      | Found a sacrificial altar of Ru.
  1654 | D:3      | 1654 ||| Stepping ~*~*~tactically~*~*~ (hiding).
  1699 | D:3      | Noticed Natasha
  1702 | D:3      | Killed Natasha
  1753 | D:3      | Reached skill level 5 in Unarmed Combat
  1921 | D:3      | 1921 ||| UPGRADING to +0 cloak.
  1926 | D:3      | 1926 ||| READING scroll labelled QIESCH ZIUROEWO.
  1927 | D:3      | 1927 ||| READING 2 scrolls of identify.
  1927 | D:3      | 1927 ||| IDENTIFYING glowing purple potion
  1928 | D:3      | 1928 ||| DROPPING potion of magic.
  1953 | D:4      | 1953 ||| STAIRDANCE
  1958 | D:4      | 1958 ||| Stepping ~*~*~tactically~*~*~ (outnumbered).
  1960 | D:4      | 1960 ||| Stepping ~*~*~tactically~*~*~ (outnumbered).
  1962 | D:4      | 1962 ||| Stepping ~*~*~tactically~*~*~ (outnumbered).
  1963 | D:4      | 1963 ||| Stepping ~*~*~tactically~*~*~ (outnumbered).
  1984 | D:4      | Noticed Ijyb
  1998 | D:4      | 1998 ||| INVOKING Fiery Armour.
  2000 | D:4      | Killed Ijyb
  2072 | D:4      | Reached XP level 7. HP: 61/66 MP: 7/7
  2213 | D:4      | Noticed Pikel
  2220 | D:4      | 2220 ||| Stepping ~*~*~tactically~*~*~ (outnumbered).
  2221 | D:4      | 2221 ||| Stepping ~*~*~tactically~*~*~ (outnumbered).
  2228 | D:4      | 2228 ||| Stepping ~*~*~tactically~*~*~ (outnumbered).
  2229 | D:4      | 2229 ||| Stepping ~*~*~tactically~*~*~ (outnumbered).
  2232 | D:4      | 2232 ||| Stepping ~*~*~tactically~*~*~ (outnumbered).
  2233 | D:4      | 2233 ||| Stepping ~*~*~tactically~*~*~ (outnumbered).
  2234 | D:4      | 2234 ||| Stepping ~*~*~tactically~*~*~ (outnumbered).
  2235 | D:4      | 2235 ||| Stepping ~*~*~tactically~*~*~ (outnumbered).
  2236 | D:4      | 2236 ||| Stepping ~*~*~tactically~*~*~ (outnumbered).
  2237 | D:4      | 2237 ||| Stepping ~*~*~tactically~*~*~ (outnumbered).
  2238 | D:4      | 2238 ||| Stepping ~*~*~tactically~*~*~ (outnumbered).
  2239 | D:4      | 2239 ||| Stepping ~*~*~tactically~*~*~ (outnumbered).
  2244 | D:4      | 2244 ||| INVOKING Fiery Armour.
  2254 | D:4      | HP: 14/66 [Pikel/puff of flame (4)]
  2255 | D:4      | 2255 ||| READING scroll of teleportation.
  2256 | D:4      | 2256 ||| DRINKING 3 potions of heal wounds.
  2496 | D:4      | 2496 ||| UPGRADING to amulet of regeneration.
  2501 | D:4      | 2501 ||| READING scroll labelled HIMIC UCWOALA.
  2502 | D:4      | 2502 ||| READING scroll labelled SONILA GEERGH.
  2503 | D:4      | 2503 ||| DRINKING 2 puce potions.
  2504 | D:4      | 2504 ||| READING 3 scrolls of identify.
  2504 | D:4      | 2504 ||| IDENTIFYING fizzy coppery potion
  2505 | D:4      | 2505 ||| READING 2 scrolls of identify.
  2505 | D:4      | 2505 ||| IDENTIFYING emerald potion
  2506 | D:4      | 2506 ||| DROPPING potion of flight.
  2513 | D:5      | Entered Level 5 of the Dungeon
  2514 | D:5      | 2514 ||| PLANNING SEWER
  2531 | D:5      | 2531 ||| INVOKING Fiery Armour.
  2539 | D:5      | Reached skill level 6 in Unarmed Combat
  2653 | D:5      | Found a runed translucent gate.
  2653 | D:5      | Found a runed translucent gate.
  2654 | D:5      | Found a runed translucent gate.
  2654 | D:5      | Noticed qw's ghost (novice TeWr)
  2661 | D:5      | 2661 ||| Stepping ~*~*~tactically~*~*~ (hiding).
  2851 | D:5      | Reached skill level 7 in Unarmed Combat
  2866 | D:5      | Found a large runed translucent door.
  2867 | D:5      | Found a large runed translucent door.
  2871 | D:5      | 2871 ||| Stepping ~*~*~tactically~*~*~ (stealth).
  2872 | D:5      | 2872 ||| Stepping ~*~*~tactically~*~*~ (stealth).
  2878 | D:5      | 2878 ||| Stepping ~*~*~tactically~*~*~ (outnumbered).
  2881 | D:5      | 2881 ||| INVOKING Fiery Armour.
  2882 | D:5      | 2882 ||| Stepping ~*~*~tactically~*~*~ (outnumbered).
  2883 | D:5      | 2883 ||| Stepping ~*~*~tactically~*~*~ (outnumbered).
  2884 | D:5      | 2884 ||| Stepping ~*~*~tactically~*~*~ (outnumbered).
  2885 | D:5      | 2885 ||| Stepping ~*~*~tactically~*~*~ (outnumbered).
  2886 | D:5      | 2886 ||| Stepping ~*~*~tactically~*~*~ (outnumbered).
  2887 | D:5      | 2887 ||| Stepping ~*~*~tactically~*~*~ (outnumbered).
  2890 | D:5      | 2890 ||| Stepping ~*~*~tactically~*~*~ (outnumbered).
  2891 | D:5      | 2891 ||| FLEEEEING.
  2893 | D:5      | 2893 ||| Stepping ~*~*~tactically~*~*~ (outnumbered).
  2894 | D:5      | HP: 13/66 [ogre/+0 giant spiked club (16)]
  2895 | D:5      | 2895 ||| READING scroll of teleportation.
  2896 | D:5      | 2896 ||| DRINKING 2 potions of heal wounds.
  2897 | D:5      | 2897 ||| Stepping ~*~*~tactically~*~*~ (outnumbered).
  2898 | D:5      | 2898 ||| Stepping ~*~*~tactically~*~*~ (outnumbered).
  3002 | D:5      | 3002 ||| Invisible monster not found???
  3057 | D:5      | 3057 ||| Stepping ~*~*~tactically~*~*~ (stealth).
  3072 | D:5      | Reached XP level 8. HP: 68/74 MP: 8/8
  3202 | D:5      | Reached skill level 6 in Shields
  3217 | D:5      | 3217 ||| RIP SEWER
  3218 | D:5      | 3218 ||| PLANNING D:1-11
  3339 | D:5      | Found a shadowy altar of Dithmenos.
  3499 | D:5      | 3499 ||| Stepping ~*~*~tactically~*~*~ (stealth).
  3503 | D:5      | 3503 ||| Stepping ~*~*~tactically~*~*~ (outnumbered).
  3511 | D:5      | 3511 ||| INVOKING Fiery Armour.
  3591 | D:5      | 3591 ||| READING scroll labelled GAHOEF XETYMI.
  3592 | D:5      | 3592 ||| DRINKING 2 dark potions.
  3593 | D:5      | 3593 ||| READING 2 scrolls of identify.
  3593 | D:5      | 3593 ||| IDENTIFYING white potion
  3594 | D:5      | 3594 ||| DROPPING potion of invisibility.
  3595 | D:5      | 3595 ||| DROPPING potion of brilliance.
  3665 | D:6      | Found a white marble altar of Elyvilon.
  3700 | D:6      | Noticed Sigmund
  3701 | D:6      | 3701 ||| INVOKING Fiery Armour.
  3710 | D:6      | Killed Sigmund
  3718 | D:6      | Found a hide-covered altar of Uskayaw.
  3721 | D:6      | 3721 ||| Stepping ~*~*~tactically~*~*~ (outnumbered).
  3725 | D:6      | 3725 ||| Stepping ~*~*~tactically~*~*~ (outnumbered).
  3729 | D:6      | Reached skill level 8 in Unarmed Combat
  3731 | D:6      | 3731 ||| DRINKING 3 potions of curing.
  3731 | D:6      | 3731 ||| (to cure confusion)
  3792 | D:6      | Found a staircase to the Ecumenical Temple.
  3811 | D:6      | Reached skill level 3 in Fighting
  4095 | D:6      | Reached skill level 3 in Throwing
  4095 | D:6      | 4095 ||| Stepping ~*~*~tactically~*~*~ (stealth).
  4096 | D:6      | 4096 ||| Stepping ~*~*~tactically~*~*~ (stealth).
  4104 | D:6      | 4104 ||| Stepping ~*~*~tactically~*~*~ (stealth).
  4105 | D:6      | 4105 ||| Stepping ~*~*~tactically~*~*~ (stealth).
  4106 | D:6      | 4106 ||| Stepping ~*~*~tactically~*~*~ (stealth).
  4381 | D:6      | 4381 ||| UPGRADING to +2 robe of cold resistance.
  4391 | D:6      | 4391 ||| DROPPING +0 robe.
  4392 | D:6      | 4392 ||| DRINKING 2 black potions.
  4412 | D:7      | Found a stormy altar of Qazlal.
  4568 | D:7      | 4568 ||| FLEEEEING.
  4571 | D:7      | 4571 ||| FLEEEEING.
  4572 | D:7      | 4572 ||| FLEEEEING.
  4573 | D:7      | 4573 ||| FLEEEEING.
  4574 | D:7      | 4574 ||| FLEEEEING.
  4575 | D:7      | 4575 ||| STAIRDANCE
  4679 | D:7      | 4679 ||| STAIRDANCE
  4681 | D:6      | 4681 ||| Stepping ~*~*~tactically~*~*~ (outnumbered).
  4682 | D:6      | 4682 ||| Stepping ~*~*~tactically~*~*~ (outnumbered).
  4691 | D:7      | 4691 ||| STAIRDANCE
  4699 | D:7      | 4699 ||| STAIRDANCE
  4706 | D:7      | 4706 ||| STAIRDANCE
  4726 | D:7      | 4726 ||| STAIRDANCE
  4732 | D:7      | 4732 ||| STAIRDANCE
  4741 | D:7      | 4741 ||| Stepping ~*~*~tactically~*~*~ (hiding).
  4750 | D:7      | Reached skill level 9 in Unarmed Combat
  4861 | D:7      | Found a radiant altar of Vehumet.
  4862 | D:7      | Found a shimmering altar of Xom.
  5023 | D:7      | Reached XP level 9. HP: 78/81 MP: 9/9
  5490 | D:7      | 5490 ||| DROPPING scarf of invisibility.
  5491 | D:7      | 5491 ||| READING scroll labelled USSUAL QARGH.
  5523 | D:8      | 5523 ||| Stepping ~*~*~tactically~*~*~ (stealth).
  5527 | D:8      | 5527 ||| Stepping ~*~*~tactically~*~*~ (outnumbered).
  5528 | D:8      | 5528 ||| Stepping ~*~*~tactically~*~*~ (hiding).
  5566 | D:8      | 5566 ||| INVOKING Fiery Armour.
  5578 | D:8      | Reached skill level 1 in Dodging
  5581 | D:8      | 5581 ||| Stepping ~*~*~tactically~*~*~ (stealth).
  5588 | D:8      | 5588 ||| Stepping ~*~*~tactically~*~*~ (stealth).
  5590 | D:8      | 5590 ||| Stepping ~*~*~tactically~*~*~ (hiding).
  5615 | D:8      | HP: 19/81 [shadow (10)]
  5616 | D:8      | 5616 ||| READING 6 scrolls of teleportation.
  5627 | D:8      | 5627 ||| FLEEEEING.
  5629 | D:8      | 5629 ||| FLEEEEING.
  5630 | D:8      | 5630 ||| FLEEEEING.
  5632 | D:8      | 5632 ||| FLEEEEING.
  5633 | D:8      | 5633 ||| FLEEEEING.
  5634 | D:8      | 5634 ||| FLEEEEING.
  5635 | D:8      | 5635 ||| FLEEEEING.
  5636 | D:8      | 5636 ||| FLEEEEING.
  5637 | D:8      | 5637 ||| STAIRDANCE
  5652 | D:8      | 5652 ||| Stepping ~*~*~tactically~*~*~ (outnumbered).
  5653 | D:8      | 5653 ||| Stepping ~*~*~tactically~*~*~ (outnumbered).
  5714 | D:8      | Noticed a two-headed ogre
  5723 | D:8      | HP: 20/81 [two-headed ogre/+0 giant spiked club (21)]
  5724 | D:8      | 5724 ||| READING 5 scrolls of teleportation.
  5725 | D:8      | 5725 ||| INVOKING Fiery Armour.
  5726 | D:8      | Killed a two-headed ogre
  5727 | D:8      | Reached skill level 10 in Unarmed Combat
  5729 | D:8      | HP: 14/81 [centaur/arrow (1)]
  5730 | D:8      | 5730 ||| READING 4 scrolls of teleportation.
  5731 | D:8      | 5731 ||| DRINKING 2 potions of heal wounds.
  5814 | D:8      | 5814 ||| Stepping ~*~*~tactically~*~*~ (hiding).
  5816 | D:8      | Noticed Psyche
  5819 | D:8      | 5819 ||| DRINKING potion of cancellation.
  5821 | D:8      | Killed Psyche
  5856 | D:8      | 5856 ||| Invisible monster not found???
  5895 | D:8      | Found an ancient bone altar of Kikubaaqudgha.
  6164 | D:9      | Noticed a two-headed ogre
  6170 | D:9      | 6170 ||| INVOKING Fiery Armour.
  6171 | D:9      | Killed a two-headed ogre
  6172 | D:9      | Reached XP level 10. HP: 30/91 MP: 10/10
  6216 | D:9      | 6216 ||| Stepping ~*~*~tactically~*~*~ (stealth).
  6223 | D:9      | 6223 ||| Stepping ~*~*~tactically~*~*~ (outnumbered).
  6224 | D:9      | 6224 ||| Stepping ~*~*~tactically~*~*~ (outnumbered).
  6225 | D:9      | 6225 ||| Stepping ~*~*~tactically~*~*~ (outnumbered).
  6226 | D:9      | 6226 ||| Stepping ~*~*~tactically~*~*~ (outnumbered).
  6298 | D:9      | 6298 ||| READING scroll of enchant armour.
  6298 | D:9      | 6298 ||| ENCHANTING +0 cloak.
  6316 | D:9      | 6316 ||| INVOKING Fiery Armour.
  6324 | D:9      | 6324 ||| FLEEEEING.
  6325 | D:9      | 6325 ||| FLEEEEING.
  6331 | D:9      | 6331 ||| STAIRDANCE
  6344 | D:8      | 6344 ||| READING 3 scrolls of identify.
  6344 | D:8      | 6344 ||| IDENTIFYING metallic amethyst potion
  6345 | D:8      | 6345 ||| READING 2 scrolls of identify.
  6345 | D:8      | 6345 ||| IDENTIFYING inky potion
  6346 | D:8      | 6346 ||| DROPPING potion of lignification.
  6347 | D:8      | 6347 ||| DROPPING potion of ambrosia.
  6371 | D:9      | Reached skill level 11 in Unarmed Combat
  6407 | D:9      | 6407 ||| Stepping ~*~*~tactically~*~*~ (hiding).
  6408 | D:9      | 6408 ||| Stepping ~*~*~tactically~*~*~ (hiding).
  6492 | D:9      | 6492 ||| INVOKING Fiery Armour.
  6495 | D:9      | 6495 ||| Stepping ~*~*~tactically~*~*~ (outnumbered).
  6522 | D:9      | Reached skill level 9 in Shields
  6543 | D:9      | Noticed a two-headed ogre
  6552 | D:9      | Killed a two-headed ogre
  6566 | D:9      | 6566 ||| Stepping ~*~*~tactically~*~*~ (stealth).
  6567 | D:9      | 6567 ||| Stepping ~*~*~tactically~*~*~ (stealth).
  6612 | D:9      | 6612 ||| FLEEEEING.
  6613 | D:9      | 6613 ||| FLEEEEING.
  6614 | D:9      | 6614 ||| FLEEEEING.
  6615 | D:9      | 6615 ||| FLEEEEING.
  6616 | D:9      | 6616 ||| INVOKING Fiery Armour.
  6617 | D:9      | 6617 ||| FLEEEEING.
  6617 | D:9      | Found a staircase to the Lair.
  6618 | D:9      | 6618 ||| PLANNING TEMPLE
  6618 | D:9      | 6618 ||| FLEEEEING.
  6620 | D:9      | HP: 21/92 [electric eel/bolt of electricity (12)]
  6621 | D:9      | 6621 ||| READING 3 scrolls of teleportation.
  6622 | D:9      | 6622 ||| DRINKING potion of heal wounds.
  6625 | D:9      | Found a flagged portal.
  6626 | D:9      | 6626 ||| FLEEEEING.
  6627 | D:9      | 6627 ||| FLEEEEING.
  6628 | D:9      | 6628 ||| FLEEEEING.
  6629 | D:9      | 6629 ||| FLEEEEING.
  6630 | D:9      | 6630 ||| FLEEEEING.
  6631 | D:9      | 6631 ||| FLEEEEING.
  6632 | D:9      | 6632 ||| FLEEEEING.
  6633 | D:9      | 6633 ||| FLEEEEING.
  6634 | D:9      | 6634 ||| FLEEEEING.
  6635 | D:9      | 6635 ||| FLEEEEING.
  6639 | D:9      | 6639 ||| FLEEEEING.
  6640 | D:9      | 6640 ||| FLEEEEING.
  6748 | Temple   | Entered the Ecumenical Temple
  6883 | Temple   | 6883 ||| PLANNING LAIR
  7006 | D:9      | Reached skill level 12 in Unarmed Combat
  7013 | Lair:1   | Entered Level 1 of the Lair of Beasts
  7057 | Lair:1   | Noticed a black mamba
  7063 | Lair:1   | Killed a black mamba
  7130 | Lair:1   | Noticed Sonja
  7142 | Lair:1   | HP: 20/94 [wolf (8)]
  7142 | Lair:1   | HP: 8/94 [basilisk (4)]
  7143 | Lair:1   | 7143 ||| READING 2 scrolls of teleportation.
  7143 | Lair:1   | HP: 1/94 [basilisk (9)]
  7144 | Lair:1   | Slain by a wolf

Levels and vault maps discovered:
D:1:      mushboom_english_gardens, layout_loops_cross, serial_shops,
          nicolae_square_shop
D:2:      layout_rooms
D:3:      minmay_chambers_of_threes, layout_rooms,
          nicolae_ru_great_annihilating_truth,
          ebering_ecumenical_altar_sacrificial, uniq_natasha, uniq_grinder
D:4:      layout_cave_pools, uniq_pikel, uniq_ijyb
D:5:      layout_basic, kennysheep_mini, jmf_multi_god_temple2,
          portal_sewer_entry_d, gammafunk_ghost_nasty_kobolds,
          minmay_lizard_king
D:6:      layout_basic, mainiacjoe_overflow_small_starburst, elyvilon_altar_3,
          minmay_temple_entry_junction_2, uniq_sigmund
D:7:      layout_loops_ring, mainiacjoe_overflow_alcove_1,
          mainiacjoe_overflow_divided_tiny, nicolae_hexahallways
D:8:      layout_rooms, tgw_kikubaaqudgha, minmay_curled_crystal, uniq_psyche
D:9:      layout_roguey, erik_lair_island, enter_bailey_5, chequers_jeans
Temple:   nicolae_temple_bog_church
Lair:1:   layout_regular_city, worms_lemuel, uniq_urug, uniq_fannar, uniq_sonja,
          uniq_maggie

Skill      XL: |  1  2  3  4  5  6  7  8  9 10 |
---------------+-------------------------------+-----
Unarmed Combat | 4 5 7 9 10 12 | 12.0
Shields        | 1 3 5 6 8 9 |  9.0
Throwing       | 3 4 |  4.1
Fighting       | 3 4 |  4.7
Dodging        | 1 |  1.1
Spellcasting   | |  1.0
Fire Magic     | |  2.1

Action                   |  1- 3 |  4- 6 |  7- 9 | 10-12 || total
-------------------------+-------+-------+-------+-------++-------
Melee: Unarmed           |   119 |   129 |   307 |    99 ||   654
       Punch             |     1 |       |       |       ||     1
Throw: Boomerang         |       |    18 |    25 |     1 ||    44
       Large rock        |       |       |    23 |    19 ||    42
Invok: Fiery Armour      |       |     2 |     8 |     3 ||    13
  Use: Scroll            |     9 |     2 |    12 |     5 ||    28
       Potion            |     1 |       |     8 |     1 ||    10
Armor: Robe              |    42 |    35 |   108 |    48 ||   233
Dodge: Dodged            |    39 |    25 |    88 |    34 ||   186
Block: Kite shield       |    18 |    32 |   114 |    39 ||   203

Table legend:
 A = Non-vault XP
 B = Vault XP
 C = Vault XP percentage of total XP
 D = Non-vault monster count
 E = Vault monster count
 F = Vault count percentage of total count
                 A         B        C        D         E       F
            +---------+---------+-------+---------+---------+-------
      Total |    8260 |    1771 |  17.7 |     190 |      47 |  19.8
            +---------+---------+-------+---------+---------+-------
        D:1 |      45 |       0 |   0.0 |      27 |       0 |   0.0
        D:2 |      42 |       0 |   0.0 |      19 |       0 |   0.0
        D:3 |     207 |     367 |  63.9 |      23 |      18 |  43.9
        D:4 |     109 |      33 |  23.2 |      13 |       1 |   7.1
        D:5 |     825 |      61 |   6.9 |      21 |      15 |  41.7
        D:6 |     652 |     226 |  25.7 |      21 |       1 |   4.5
        D:7 |     577 |       0 |   0.0 |      15 |       0 |   0.0
        D:8 |    1910 |     371 |  16.3 |      22 |       1 |   4.3
        D:9 |    3384 |     713 |  17.4 |      27 |      11 |  28.9
     Lair:1 |     509 |       0 |   0.0 |       2 |       0 |   0.0
            +---------+---------+-------+---------+---------+-------
